 Dungeon Crawl Stone Soup version 0.14-a0-848-g57a047c (webtiles) character file.

412 4tharraofdagon the Basher (level 6, -3/94 HPs)
             Began as an Ogre Berserker on Nov 14, 2013.
             Was a Believer of Trog.
             Killed from afar by an orc wizard (10 damage)
             ... with a puff of flame
             ... on Level 6 of the Dungeon.
             The game lasted 00:04:30 (946 turns).

4tharraofdagon the Basher (Ogre Berserker)           Turns: 946, Time: 00:04:30

HP  -3/94        AC  2     Str 30      XL: 6   Next: 76%
MP   5/5         EV 10     Int  6      God: Trog [**....]
Gold 29          SH  0     Dex  9      Spells:  0 memorised,  5 levels left

Res.Fire  : . . .   See Invis. : .   m - +0 giant club
Res.Cold  : . . .   Warding    : .   h - -1 elf robe (curse)
Life Prot.: . . .   Conserve   : .   (shield restricted)
Res.Poison: .       Res.Corr.  : .   (helmet restricted)
Res.Elec. : .       Clarity    : .   (no cloak)
Sust.Abil.: . .     Spirit.Shd : .   (gloves unavailable)
Res.Mut.  : .       Stasis     : .   (boots unavailable)
Res.Rott. : .       Flight     : .   (no amulet)
Saprovore : + . .                    (no ring)
                                     (no ring)

@: regenerating, berserking, drained, very quick, very resistant to hostile
enchantments, extremely unstealthy
A: unfitting armour, fast metabolism 1, saprovore 1, tough skin 1
a: Burn Spellbooks, Berserk, Trog's Hand, Renounce Religion


You were on level 6 of the Dungeon.
You worshipped Trog.
Trog was pleased with you.
You were hungry.

You visited 1 branch of the dungeon, and saw 6 of its levels.

You collected 29 gold pieces.

Inventory:

Hand weapons
 a - a +0,+0 mace
 e - a -1,+0 orcish mace
 m - a +0,+0 giant club (weapon)
Missiles
 d - 2 tomahawks (quivered)
Armour
 b - a +0 animal skin
 h - a cursed -1 elven robe (worn)
Magical devices
 i - a wand of draining (2)
Comestibles
 c - 4 meat rations
 f - a pear
 j - a choko
 k - a bread ration
 o - a rotting chunk of worker ant flesh
 p - a rotting chunk of goblin flesh
Scrolls
 g - 3 scrolls of recharging {unknown}
 l - a scroll of amnesia {unknown}
 n - 3 scrolls of identify {unknown}
 q - a scroll of noise {unknown}


   Skills:
 - Level 4.0(3.4) Fighting
 * Level 9.6(8.9) Maces & Flails
 - Level 2.9(2.3) Dodging


You had 5 spell levels left.
You didn't know any spells.

Dungeon Overview and Level Annotations

Branches:
Dungeon (6/16)
 Temple: D:4-7          Orc: D:6-11

Altars:

Shops:
D:6 !


Innate Abilities, Weirdness & Mutations

You are too large for most types of armour.
You have a fast metabolism.
You can tolerate rotten meat.
You have tough skin (AC +1).


Message History

Something smites you!
* * * LOW HITPOINT WARNING * * *
The crimson imp blinks!
Unknown command.
You bludgeon the orc priest!!
You kill the orc priest!
Trog accepts your kill.
Unknown command.
The orc priest glows brightly for a moment.
It hits you!
* * * LOW HITPOINT WARNING * * *
You bludgeon the orc priest!!
You kill the orc priest!
Trog accepts your kill. It hits you.
* * * LOW HITPOINT WARNING * * *
You closely miss it. The crimson imp closely misses you.
You hear some strange, mumbled words.
The puff of flame hits you!
You die...

#.# :#.# #.#.#
#.#.# #.#.# ####
#.#.# ...... #.#.#
.....##.#5####.###
.........@).......
#.###...{)####.###
#. #........o..o
###.###........o.#
#.....#.....######
#...<...........
#.....##########
#######


You could see a crimson imp.

Vanquished Creatures
  An ogre (D:4)
  2 hounds (D:4)
  An orc wizard (D:6)
  An iguana (D:4)
  2 orc priests (D:6)
  2 worker ants (D:4)
  Ijyb (D:4)
  2 adders
  An ooze (D:4)
  4 orcs
  A bat skeleton (D:6)
  A giant cockroach (D:4)
  2 hobgoblins
  10 jackals
  2 bats
  4 goblins (D:4)
  5 kobolds
  4 rats (D:4)
46 creatures vanquished.

Notes
Turn   | Place    | Note
--------------------------------------------------------------
     0 | D:1      | 4tharraofdagon, the Ogre Berserker, began the quest for the Orb.
     0 | D:1      | Reached XP level 1. HP: 23/23 MP: 0/0
    78 | D:2      | Paralysed by a potion of paralysis for 2 turns
   106 | D:3      | Reached XP level 2. HP: 20/32 MP: 1/1
   114 | D:3      | Reached skill level 5 in Maces & Flails
   177 | D:4      | Reached XP level 3. HP: 30/39 MP: 2/2
   235 | D:4      | Reached skill level 6 in Maces & Flails
   235 | D:4      | Reached XP level 4. HP: 28/48 MP: 3/3
   263 | D:4      | Acquired Trog's second power
   422 | D:4      | Noticed an ogre
   442 | D:4      | Reached skill level 7 in Maces & Flails
   442 | D:4      | Reached XP level 5. HP: 25/54 MP: 4/4
   448 | D:4      | Killed an ogre
   448 | D:4      | Reached skill level 8 in Maces & Flails
   558 | D:4      | Reached XP level 6. HP: 50/63 MP: 5/5
   696 | D:4      | Noticed Ijyb
   714 | D:4      | Killed Ijyb
   714 | D:4      | Reached skill level 9 in Maces & Flails
   836 | D:5      | Entered Level 5 of the Dungeon
   919 | D:5      | Ladykiller69: Greetings
   924 | D:6      | Found Sihat's Distillery.
   932 | D:6      | 4tharraofdagon: hello
   935 | D:6      | Ladykiller69: how did he get a giant club that early?
   938 | D:6      | timbw: hi
   939 | D:6      | timbw: ogres are common
   939 | D:6      | Ladykiller69: and why is he using it with presumably low maces skill?
   939 | D:6      | timbw: cause they wreck
   939 | D:6      | 4tharraofdagon: is this low?
   939 | D:6      | timbw: and attack speed not that big a deal with zerk
   946 | D:6      | Killed from afar by an orc wizard

Action                   |  1- 3 |  4- 6 || total
-------------------------+-------+-------++-------
Melee: Mace              |    38 |    51 ||    89
       Giant club        |       |    50 ||    50
Invok: Berserk           |     4 |     5 ||     9
       Trog's Hand       |       |     5 ||     5
  Use: Potion            |     2 |     1 ||     3
       Scroll            |       |     1 ||     1
